 Dungeon Crawl Stone Soup version 0.22.1-5-g62c59d9 (webtiles) character file.

4703 nicolaieve the Basher (level 10, -1/77 HPs)
             Began as a Minotaur Berserker on Jan 15, 2019.
             Was a Priest of Trog.
             Killed from afar by an electric eel (4 damage)
             ... with a bolt of electricity
             ... on level 7 of the Dungeon.
             The game lasted 00:15:10 (6205 turns).

nicolaieve the Basher (Minotaur Berserker)          Turns: 6205, Time: 00:15:11

Health: -1/77      AC: 12    Str: 23    XL:     10   Next: 21%
Magic:  14/14      EV:  8    Int:  4    God:    Trog [***...]
Gold:   356        SH:  7    Dex: 12    Spells: 9/9 levels left

rFire    . . .     SeeInvis .   E - +2 mace (protect)
rCold    . . .     Gourm    .   D - +2 buckler
rNeg     . . .     Faith    .   t - +0 chain mail
rPois    .         Spirit   .   A - +0 hat
rElec    .         Reflect  .   a - +0 cloak
rCorr    .         Harm     .   n - +0 pair of gloves
MR       .....                  b - +0 pair of boots
Stlth    ..........             (no amulet)
HPRegen  0.22/turn              (no ring)
MPRegen  0.14/turn              (no ring)

@: no status effects
A: retaliatory headbutt, horns 2
a: Berserk, Trog's Hand, Renounce Religion


You were on level 7 of the Dungeon.
You worshipped Trog.
Trog was most pleased with you.
You were hungry.

You visited 1 branch of the dungeon, and saw 8 of its levels.

You collected 356 gold pieces.

Inventory:

Hand Weapons
 E - a +2 mace of protection (weapon)
 F - a +0 morningstar
Missiles
 d - 183 stones (quivered)
 m - 43 sling bullets
Armour
 a - a +0 cloak (worn)
 b - a +0 pair of boots (worn)
 n - a +0 pair of gloves (worn)
 t - a +0 chain mail (worn)
 y - a +0 shield
 A - a +0 hat (worn)
 D - a +2 buckler (worn)
Wands
 f - a wand of iceblast (6)
 x - a wand of flame (14)
Scrolls
 j - 4 scrolls of identify {unknown}
 l - 8 scrolls of teleportation {unknown}
 o - 2 scrolls of magic mapping {unknown}
 p - 3 scrolls of enchant weapon {unknown}
 q - 2 scrolls of amnesia {unknown}
 r - 3 scrolls of fog {unknown}
 s - a scroll of brand weapon {unknown}
 u - 6 scrolls of remove curse {unknown}
 z - 2 scrolls of random uselessness {unknown}
 H - a scroll of immolation {unknown}
Potions
 e - a potion of degeneration {unknown}
 g - 2 potions of curing {unknown}
 h - a potion of ambrosia {unknown}
 i - a potion of flight {unknown}
 k - 3 potions of resistance {unknown}
 v - 5 potions of brilliance {unknown}
 w - 2 potions of heal wounds {unknown}
 B - a potion of haste {unknown}
 C - a potion of might {unknown}
 I - a potion of cancellation {unknown}
 J - a potion of mutation {unknown}
Comestibles
 c - 16 rations
 G - 18 chunks of flesh


   Skills:
 + Level 3.6 Fighting
 - Level 14.0 Maces & Flails
 - Level 2.4 Armour
 - Level 2.1 Dodging
 - Level 4.0 Shields
 - Level 7.6 Evocations


You had 9 spell levels left.
You didn't know any spells.
Your spell library was empty.

Dungeon Overview and Level Annotations

Branches:
Dungeon (8/15)             Temple (0/1) D:7
   Lair: D:8-11

Altars:

Shops:
D:6 (


Innate Abilities, Weirdness & Mutations

You reflexively headbutt those who attack you in melee.
You have a pair of horns on your head.


Message History

The electric eel shoots out a bolt of lightning at you!
The bolt of electricity hits you!
The electric eel shoots out a bolt of lightning at you!
The bolt of electricity hits you!
Found a stone staircase leading down.
The electric eel shoots out a bolt of lightning at you!
The bolt of electricity misses you.
The electric eel shoots out a bolt of lightning at you!
The bolt of electricity hits you!
The electric eel shoots out a bolt of lightning at you!
The bolt of electricity hits you!
The electric eel shoots out a bolt of lightning at you!
The bolt of electricity hits you!
* * * LOW HITPOINT WARNING * * *
The electric eel shoots out a bolt of lightning at you!
The bolt of electricity hits you!
* * * LOW HITPOINT WARNING * * *
The electric eel shoots out a bolt of lightning at you!
The bolt of electricity hits you!
You die...

#.#..≈≈≈≈≈.≈≈≈≈.........
...>.......≈≈≈≈.........
.....≈≈≈≈.......#.......
.....≈≈≈≈.≈≈≈≈≈........§
....≈≈≈≈.≈≈≈≈≈.......§.
#.≈≈≈≈.≈≈≈≈≈...######
#.≈≈≈;.≈≈≈≈≈...)#####
#...............)))..
#...@..[.......######
#..............#.....
#..............#.#.#(
##...................
##.....#.....#######
#############


You could see an electric eel.

Vanquished Creatures
  A two-headed ogre (D:6)
  A cyclops (D:7)
  Grinder (D:6)
  Prince Ribbit (D:6)
  A hippogriff (D:6)
  A human (D:7)
  A yak (D:7)
  3 hogs (D:7)
  Menkaure (D:6)
  A steam dragon (D:7)
  A sky beast (D:8)
  3 orc warriors (D:7)
  4 ogres
  4 centaurs
  2 bullfrogs
  5 scorpions
  5 wights (D:6)
  A crimson imp (D:6)
  3 hounds (D:7)
  3 orc priests
  Ijyb (D:3)
  2 orc wizards
  A bullfrog skeleton (D:6)
  3 iguanas
  2 worker ants (D:6)
  A hound zombie (D:5)
  Robin (D:2)
  A gnoll (D:1)
  2 howler monkey skeletons (D:5)
  2 adders (D:6)
  2 shadow imps
  An ooze (D:3)
  2 adder skeletons (D:6)
  2 worms (D:2)
  A dart slug (D:1)
  6 leopard geckos
  15 orcs
  A ball python (D:2)
  7 bats
  A giant cockroach (D:1)
  9 goblins
  8 hobgoblins
  A jackal (D:7)
  6 quokkas
  3 frilled lizards
  A jackal skeleton (D:6)
  10 kobolds
  A leopard gecko zombie (D:5)
  24 rats
160 creatures vanquished.

Notes
Turn   | Place    | Note
-------+----------+-------------------------------------------
     0 | D:1      | nicolaieve the Minotaur Berserker began the quest for the
                  | Orb.
     0 | D:1      | Reached XP level 1. HP: 19/19 MP: 0/0
   109 | D:1      | Reached skill level 4 in Maces & Flails
   162 | D:1      | Reached XP level 2. HP: 26/26 MP: 1/1
   568 | D:1      | Reached skill level 5 in Maces & Flails
   689 | D:2      | Reached XP level 3. HP: 31/31 MP: 2/2
  1126 | D:2      | Reached ** piety under Trog
  1126 | D:2      | Noticed Robin
  1135 | D:2      | Killed Robin
  1208 | D:2      | Reached skill level 6 in Maces & Flails
  1208 | D:2      | Reached XP level 4. HP: 39/39 MP: 3/3
  2151 | D:3      | Noticed Ijyb
  2163 | D:3      | Killed Ijyb
  2797 | D:4      | Reached *** piety under Trog
  2797 | D:4      | Reached skill level 7 in Maces & Flails
  2797 | D:4      | Reached XP level 5. HP: 10/45 MP: 4/4
  3587 | D:5      | Entered Level 5 of the Dungeon
  3649 | D:5      | Noticed an ogre
  3659 | D:5      | Killed an ogre
  3659 | D:5      | Reached skill level 8 in Maces & Flails
  3659 | D:5      | Reached skill level 1 in Shields
  3659 | D:5      | Reached XP level 6. HP: 34/51 MP: 5/5
  3919 | D:5      | Reached skill level 9 in Maces & Flails
  4150 | D:5      | Reached XP level 7. HP: 53/57 MP: 6/6
  4324 | D:6      | Found Teklous's Antique Weapon Boutique.
  4381 | D:6      | Noticed Grinder
  4395 | D:6      | Killed Grinder
  4395 | D:6      | Reached skill level 10 in Maces & Flails
  4411 | D:6      | Noticed Prince Ribbit
  4425 | D:6      | Killed Prince Ribbit
  4425 | D:6      | Reached XP level 8. HP: 40/64 MP: 7/7
  4430 | D:6      | Reached skill level 11 in Maces & Flails
  4446 | D:6      | Noticed Menkaure
  4453 | D:6      | Killed Menkaure
  4737 | D:6      | Reached skill level 12 in Maces & Flails
  5145 | D:6      | Noticed a two-headed ogre
  5152 | D:6      | Killed a two-headed ogre
  5152 | D:6      | Reached skill level 13 in Maces & Flails
  5152 | D:6      | Reached XP level 9. HP: 48/70 MP: 8/8
  5213 | D:6      | Reached skill level 14 in Maces & Flails
  5642 | D:7      | Reached **** piety under Trog
  5733 | D:7      | You fall through a shaft!
  5920 | D:7      | Reached skill level 5 in Evocations
  5954 | D:7      | Noticed a cyclops
  5965 | D:7      | Killed a cyclops
  6027 | D:7      | Reached XP level 10. HP: 64/77 MP: 13/13
  6076 | D:7      | Found a staircase to the Ecumenical Temple.
  6204 | D:7      | HP: 2/77 [electric eel/bolt of electricity (10)]
  6205 | D:7      | Killed from afar by an electric eel

Skill      XL: |  1  2  3  4  5  6  7  8  9 10 |
---------------+-------------------------------+-----
Maces & Flails | 4 5 6 7 8 9 10 13 14 | 14.0
Shields        | 1 2 3 4 |  4.0
Evocations     | 6 7 |  7.6
Fighting       | |  3.6
Armour         | |  2.4
Dodging        | |  2.1

Action                   |  1- 3 |  4- 6 |  7- 9 | 10-12 || total
-------------------------+-------+-------+-------+-------++-------
Melee: Mace              |    76 |   126 |   221 |    48 ||   471
       Headbutt          |     8 |    21 |    42 |    11 ||    82
Invok: Trog's Hand       |     2 |     1 |     3 |     2 ||     8
       Berserk           |     1 |       |     3 |       ||     4
  Eat: Chunk             |     2 |    10 |    11 |       ||    23
Armor: Animal skin       |     8 |       |       |       ||     8
       Chain mail        |    34 |    75 |    73 |    20 ||   202
Dodge: Dodged            |    44 |    47 |    63 |    11 ||   165
Block: Shield            |       |     3 |       |       ||     3
       Buckler           |       |    12 |    56 |    13 ||    81
